 Dungeon Crawl Stone Soup version 0.19-a0-1686-g35356ef (webtiles) character file.

108 Flanowski the Insei (level 4, -3/23 HPs)
             Began as a Vine Stalker Transmuter on Sept 25, 2016.
             Killed from afar by an orc wizard (5 damage)
             ... with a magic dart
             ... on level 3 of the Dungeon.
             The game lasted 00:02:55 (2257 turns).

Flanowski the Insei (Vine Stalker Transmuter)       Turns: 2257, Time: 00:02:56

Health: -3/23      AC:  3    Str: 13    XL:     4   Next: 87%
Magic:  0/8        EV: 12    Int: 13    God:
Gold:   53         SH:  0    Dex: 15    Spells: 1 memorised, 7 levels left

rFire  . . .     SeeInvis .       - Unarmed
rCold  . . .     Gourm    .     b - +0 robe
rNeg   . . .     Faith    .     (no shield)
rPois  .         Spirit   +     (no helmet)
rElec  .         Dismiss  .     (no cloak)
rCorr  .         Reflect  .     (no gloves)
MR     .....     Harm     .     (no boots)
Stlth  +.........               (no amulet)
                                (no ring)
                                (no ring)

@: confused
A: fangs 2, regeneration 1, magic shield, antimagic bite, no device heal 3, rot
immunity
a: no special abilities


You were on level 3 of the Dungeon.
You were not hungry.

You visited 1 branch of the dungeon, and saw 3 of its levels.

You collected 53 gold pieces.

Inventory:

Missiles
 a - 63 arrows
Armour
 b - a +0 robe (worn)
Scrolls
 e - 3 scrolls of identify {unknown}
 l - a scroll of immolation {unknown}
Potions
 f - 2 potions of lignification {unknown}
 g - a potion of ambrosia {unknown}
 k - a potion of degeneration {unknown}
Books
 c - a book of Changes

   Spells                             Type                      Level
   a - Beastly Appendage              Transmutation                1
   b - Sticks to Snakes               Transmutation                2
   c - Spider Form                    Transmutation/Poison         3
   d - Ice Form                       Ice/Transmutation            4
   e - Blade Hands                    Transmutation                5
Comestibles
 d - 2 bread rations
 i - a slice of pizza
 j - a meat ration


   Skills:
 * Level 1.6 Fighting
 + Level 1.7 Dodging
 * Level 4.2 Unarmed Combat
 + Level 2.5 Spellcasting
 * Level 2.8 Transmutations


You had 7 spell levels left.
You knew the following spells:

 Your Spells              Type           Power        Failure   Level  Hunger
a - Beastly Appendage     Tmut           #.....       10%         1    #......


Dungeon Overview and Level Annotations

Branches:
Dungeon (3/15)

Altars:
Elyvilon
Nemelex Xobeh
Qazlal
Yredelemnul
Zin


Innate Abilities, Weirdness & Mutations

You have extremely sharp teeth.
Your natural rate of healing is unusually fast.
When hurt, damage is shared between your health and your magic reserves.
Your bite disrupts and absorbs the magic of your enemies.
Potions and wands cannot restore your health.
You are immune to rotting.


Message History

You miss something. Your kick misses something. Something hits you.
The orc hits you but does no damage.
A magic dart appears from out of thin air!
The magic dart hits you!
* * * LOW HITPOINT WARNING * * *
Your talons disappear.
You hear some strange, mumbled words.
A puff of flame appears from out of thin air!
The puff of flame hits you!
* * * LOW HITPOINT WARNING * * *
You hear some strange, mumbled words.
You are confused.
You're too confused to move!
The orc barely misses you.
You bump into the rock wall.
The orc hits you from afar with a trident.
* * * LOW HITPOINT WARNING * * *
You hear some strange, mumbled words.
A magic dart appears from out of thin air!
The magic dart hits you!
You die...

#.......#.# #.#
#.# ###.#.#.#)#
#.# #.#
....#.#.#.# #.#
#.# #.#.#.#.#.#
#.# #.#
......#.#.####.###
#.#
#.......#........#
#.#
##############.#.#
#.# . #.#.###.###
# #.#@.o....#
..#......##
........#.#
####.#..#)#
#.#.##.# #.#.##.#
#.#.##.# #.#.##.#
#.#


You could see an orc.

Vanquished Creatures
  2 adders
  An ooze (D:2)
  A worm (D:2)
  A dart slug (D:1)
  A leopard gecko (D:1)
  2 orcs (D:3)
  8 giant cockroaches
  10 goblins
  6 hobgoblins
  2 jackals (D:1)
  5 kobolds
  3 ball pythons
  4 bats
  A frilled lizard (D:2)
  35 rats
82 creatures vanquished.

Notes
Turn   | Place    | Note
-------+----------+-------------------------------------------
     0 | D:1      | Flanowski the Vine Stalker Transmuter began the quest for the Orb.
     0 | D:1      | Reached XP level 1. HP: 9/9 MP: 4/4
   124 | D:1      | Reached skill level 1 in Fighting
   297 | D:1      | Reached XP level 2. HP: 11/14 MP: 6/6
   838 | D:1      | Reached XP level 3. HP: 15/18 MP: 7/7
  1577 | D:2      | Gained mutation: Your natural rate of healing is unusually fast. [Vine Stalker growth]
  1577 | D:2      | Reached XP level 4. HP: 21/22 MP: 6/8
  1878 | D:2      | Reached skill level 4 in Unarmed Combat
  1931 | D:2      | Found a basalt altar of Yredelemnul.
  1935 | D:2      | Found a sparkling altar of Nemelex Xobeh.
  1937 | D:2      | Found a white marble altar of Elyvilon.
  1939 | D:2      | Found a glowing silver altar of Zin.
  1942 | D:2      | Found a stormy altar of Qazlal.
  2257 | D:3      | Killed from afar by an orc wizard

Vault maps used:
D:1:      saegor_arrival_simple_f
D:2:      minitemple, minmay_rats_cheesy_pizza

Skill      XL: |  1  2  3  4 |
---------------+-------------+-----
Fighting       | 1 |  1.6
Unarmed Combat | 4 |  4.2
Dodging        | |  1.7
Spellcasting   | |  2.5
Transmutations | |  2.8

Action                   |  1- 3 |  4- 6 || total
-------------------------+-------+-------++-------
Melee: Unarmed           |   147 |    87 ||   234
       Bite              |    30 |    15 ||    45
       Headbutt          |    12 |     4 ||    16
       Kick              |     9 |     8 ||    17
       Punch             |     3 |       ||     3
 Cast: Beastly Appendage |    25 |    15 ||    40
 Stab: Sleeping          |     1 |     1 ||     2
  Eat: Chunk             |     3 |     2 ||     5
Armor: Robe              |    31 |    17 ||    48
Dodge: Dodged            |    93 |    45 ||   138
